 Dungeon Crawl Stone Soup version 0.23.1 (webtiles) character file.

Game seed: 3754877786387764244

2513 Ethylacetat the Spear-Bearer (level 9, -19/72 HPs)
             Began as a Demonspawn Gladiator on Mar 4, 2019.
             Demolished by Harold
             ... wielding a +0 glaive
              (52 damage)
             ... on level 7 of the Dungeon.
             The game lasted 00:19:01 (4346 turns).

Ethylacetat the Spear-Bearer (Demonspawn Gladiator) Turns: 4346, Time: 00:19:02

Health: -19/72     AC:  5    Str: 19    XL:     9   Next: 29%
Magic:  9/9        EV: 15    Int:  9    God:
Gold:   337        SH:  0    Dex: 16    Spells: 8/8 levels left

rFire    + . .     SeeInvis .   v - +2 trident (venom)
rCold    . . .     Gourm    .   (no shield)
rNeg     . . .     Faith    .   t - +2 robe {MR+}
rPois    .         Spirit   .   c - +0 helmet
rElec    .         Reflect  .   (no cloak)
rCorr    .         Harm     +   (no gloves)
MR       +....                  (no boots)
Stlth    ++........             x - amulet of harm
HPRegen  0.22/turn              n - ring of protection from fire
MPRegen  0.11/turn              z - +2 ring of evasion

@: no status effects
A: thin skeletal structure 1, demonic guardian 1, powered by death 3
a: no special abilities


You were on level 7 of the Dungeon.
You were hungry.

You visited 1 branch of the dungeon, and saw 7 of its levels.

You collected 337 gold pieces.

Inventory:

Hand Weapons
 v - a +2 trident of venom (weapon)
 y - a +0 blowgun
 A - a +3 trident
 B - a +0 halberd of venom
Missiles
 d - 6 throwing nets (quivered)
 o - 36 poisoned needles
Armour
 b - a +0 leather armour
 c - a +0 helmet (worn)
 t - a +2 robe of magic resistance (worn)
Jewellery
 a - an uncursed ring of protection from cold
 n - a ring of protection from fire (left hand)
 x - an amulet of harm (around neck)
 z - a +2 ring of evasion (right hand)
 G - an uncursed ring of poison resistance {unknown}
Wands
 s - a wand of iceblast (15)
 E - a wand of digging (5)
 F - a wand of random effects (43)
Scrolls
 e - 6 scrolls of identify {unknown}
 i - 5 scrolls of teleportation {unknown}
 j - 2 scrolls of magic mapping {unknown}
 k - 2 scrolls of enchant armour {unknown}
 l - 3 scrolls of noise {unknown}
 m - 2 scrolls of enchant weapon {unknown}
 p - a scroll of blinking {unknown}
 r - 4 scrolls of remove curse {unknown}
 u - 2 scrolls of immolation {unknown}
 w - 3 scrolls of fog {unknown}
 I - a scroll of amnesia {unknown}
Potions
 g - a potion of degeneration {unknown}
 h - 2 potions of haste
 q - 3 potions of brilliance {unknown}
 C - 4 potions of heal wounds {unknown}
 D - a potion of ambrosia {unknown}
Comestibles
 f - 12 rations
 H - 11 chunks of flesh


   Skills:
 * Level 7.3 Fighting
 + Level 9.8 Polearms
 - Level 1.9 Throwing
 - Level 3.0 Dodging
 - Level 0.4 Stealth


You had 8 spell levels left.
You didn't know any spells.
Your spell library contained the following spells:

 Spells                   Type           Power        Failure   Level  Hunger
 Bolt of Magma            Conj/Fire/Erth #.........   100%        5    ######.
 Iskenderun's Battlesphe  Conj/Chrm      #.......     100%        5    ######.
 Venom Bolt               Conj/Pois      #.........   100%        5    ######.
 Iron Shot                Conj/Erth      #.........   100%        6    #######
 Orb of Destruction       Conj           #.........   100%        7    #######
 Spellforged Servitor     Conj/Summ      #.........   100%        7    #######


Dungeon Overview and Level Annotations

Branches:
Dungeon (7/15)
 Temple: D:4-7

Altars:
Cheibriados
Hepliaklqana
Qazlal
Yredelemnul

Annotations:
D:7 Harold


Innate Abilities, Weirdness & Mutations

You have a somewhat thin skeletal structure. (Dex +2, Stealth)
A weak demonic guardian rushes to your aid.
You regenerate a lot of health from kills.


Message History

You see here a +0 dagger.
Harold the Weathered comes into view.
He is wielding a +0 glaive, wearing a +2 ring mail of poison resistance and carrying a wand of paralysis (5).
Harold moves out of view.
There is an open door here.
Your iron imp disappears in a puff of smoke!
A cyclops comes into view.
The cyclops throws a large rock.
The large rock barely misses you.
The cyclops throws a large rock.
The large rock closely misses you.
You are feeling hungry.
Your quasit disappears in a puff of smoke!
Harold shouts!
Harold throws a throwing net.
The throwing net misses you.
You see here a throwing net.
Harold casts a spell at you. The harpoon shot hits you!!
You are yanked forward by the harpoon shot.
You barely miss Harold.
Harold drinks a potion.
Harold seems to grow stronger.
You closely miss Harold. Harold hits you with a +0 glaive!!!
Ouch! That really hurt!
You die...

.# ######<#.# '.c.# # .# #.#.#
#.#.. .########.#.# #.# #
............#######.#
....#####.#....[... .# .##.#
#.)..#.#.#### .# .# .##.#
#.)..##.#.#.# . . .##.#
#รท#........#####. .# # ..#.##
#.#..####@@.##.#.#. .##
#....###.##(.##(####..##C##..#.##
##.##.##)##..(.[..5.#.#.#........
#..###.#.##.###'###.#.#.#.#######
..# ##..##.#P...P#..#....#P...P#
## #..##.#.###.#...(##.#.###.# ##
##..)..#.#[#.#.#####.'.#.'.# .##
##.#.#..#.#'#.#)..#.#.#.###.#
#.###.##.##.#P...P#.#.##..#P...P#


You could see Harold.

Vanquished Creatures
  An orc warrior (D:6)
  2 ice beasts
  A phantom (D:5)
  3 ogres
  4 centaurs
  A big kobold (D:7)
  Blork the orc (D:4)
  2 bullfrogs (D:7)
  Dowan (D:7)
  A wight (D:7)
  2 howler monkeys (D:7)
  A centaur zombie (D:7)
  3 crimson imps
  2 jellies
  3 hounds
  A bullfrog skeleton (D:7)
  3 orc wizards
  2 gnoll shamans
  Ijyb (D:5)
  4 worker ants
  2 iguanas
  A hound skeleton (D:4)
  6 adders
  7 gnolls
  A howler monkey skeleton (D:4)
  3 shadow imps
  An ooze (D:2)
  4 worms
  2 dart slugs (D:2)
  A leopard gecko (D:2)
  16 orcs
  4 ball pythons
  7 bats
  3 giant cockroaches
  10 goblins
  8 hobgoblins
  A jackal (D:5)
  5 kobolds
  5 quokkas
  8 frilled lizards
  A jackal zombie (D:6)
  A quokka zombie (D:5)
  10 rats
146 creatures vanquished.

Vanquished Creatures (collateral kills)
  Sigmund (D:2)
  Duvessa (D:7)
  A centaur (D:6)
  A scorpion (D:4)
  A crimson imp (D:6)
  An iguana (D:4)
  A gnoll (D:5)
  2 adders
  An orc (D:7)
  3 jackals (D:5)
  A frilled lizard (D:4)
14 creatures vanquished.

Grand Total: 160 creatures vanquished

Notes
Turn   | Place    | Note
-------+----------+-------------------------------------------
     0 | D:1      | Ethylacetat the Demonspawn Gladiator began the quest for
                  | the Orb.
     0 | D:1      | Reached XP level 1. HP: 16/16 MP: 1/1
    87 | D:1      | Gained mutation: A weak demonic guardian rushes to your
                  | aid. [demonic ancestry]
    87 | D:1      | Reached XP level 2. HP: 22/22 MP: 2/2
    95 | D:1      | Reached skill level 3 in Polearms
   673 | D:2      | Gained mutation: You regenerate a little health from kills.
                  | [demonic ancestry]
   673 | D:2      | Reached XP level 3. HP: 27/27 MP: 3/3
   973 | D:2      | Gained mutation: You regenerate health from kills. [demonic
                  | ancestry]
   973 | D:2      | Reached XP level 4. HP: 33/33 MP: 4/4
   980 | D:2      | Reached skill level 4 in Polearms
  1097 | D:2      | Found a snail-covered altar of Cheibriados.
  1108 | D:2      | Noticed Sigmund
  1119 | D:2      | Killed Sigmund
  1119 | D:2      | Gained mutation: You have a somewhat thin skeletal
                  | structure. (Dex +2, Stealth) [demonic ancestry]
  1119 | D:2      | Reached XP level 5. HP: 28/41 MP: 5/5
  1339 | D:3      | Reached skill level 5 in Polearms
  1409 | D:3      | Noticed an air elemental
  1412 | D:3      | Found a stormy altar of Qazlal.
  1415 | D:3      | Noticed a water elemental
  1415 | D:3      | Noticed a fire elemental
  1748 | D:4      | Reached XP level 6. HP: 47/47 MP: 6/6
  1924 | D:4      | Noticed Blork the orc
  1934 | D:4      | Killed Blork the orc
  1967 | D:4      | Reached skill level 6 in Polearms
  2031 | D:4      | Reached XP level 7. HP: 53/53 MP: 7/7
  2362 | D:5      | Entered Level 5 of the Dungeon
  2583 | D:5      | Noticed Ijyb
  2590 | D:5      | Killed Ijyb
  2590 | D:5      | Reached skill level 7 in Polearms
  2629 | D:5      | Found a basalt altar of Yredelemnul.
  2742 | D:5      | Reached skill level 5 in Fighting
  2742 | D:5      | Gained mutation: You regenerate a lot of health from kills.
                  | [demonic ancestry]
  2742 | D:5      | Reached XP level 8. HP: 13/62 MP: 8/8
  2897 | D:5      | Reached skill level 8 in Polearms
  2903 | D:5      | Found a hazy altar of Hepliaklqana.
  4067 | D:7      | Reached skill level 9 in Polearms
  4086 | D:7      | Reached XP level 9. HP: 71/71 MP: 9/9
  4271 | D:7      | Noticed Duvessa
  4277 | D:7      | Noticed Dowan
  4283 | D:7      | Killed Duvessa
  4287 | D:7      | Killed Dowan
  4327 | D:7      | Noticed Harold
  4331 | D:7      | Noticed a cyclops
  4346 | D:7      | Demolished by Harold

Skill      XL: |  1  2  3  4  5  6  7  8  9 |
---------------+----------------------------+-----
Polearms       | 3 4 5 6 7 9 |  9.8
Dodging        | 3 |  3.0
Fighting       | 3 5 6 7 |  7.3
Throwing       | |  1.9
Stealth        | |  0.4

Action                   |  1- 3 |  4- 6 |  7- 9 || total
-------------------------+-------+-------+-------++-------
Melee: Trident           |    93 |    92 |   211 ||   396
       Scythe            |       |    23 |       ||    23
Throw: Throwing net      |       |     1 |       ||     1
 Stab: Sleeping          |     7 |     3 |     5 ||    15
       Held in net/web   |       |     1 |       ||     1
       Distracted        |       |     1 |     1 ||     2
  Eat: Chunk             |       |     4 |     7 ||    11
Armor: Leather armour    |    10 |     4 |       ||    14
       Robe              |       |    15 |    19 ||    34
Dodge: Dodged            |    37 |    59 |   111 ||   207
